 Dungeon Crawl Stone Soup version 0.31-a0-354-g827e0957a7 (webtiles) character file.

Game seed: 833857440042812294

1474281 cforsyth the Planerender (level 27, 332/332 HPs)
             Began as a Naga Summoner on July 23, 2023.
             Was the Champion of Jiyva.
             Escaped with the Orb
             ... and 3 runes!
             The game lasted 03:23:04 (96309 turns).

cforsyth the Planerender (Naga Summoner)           Turns: 96309, Time: 03:23:05

Health: 332/332    AC: 19    Str: 14    XL:     27
Magic:  55/55      EV: 26    Int: 37    God:    Jiyva [******]
Gold:   5430       SH: 17    Dex: 24    Spells: 12/70 levels left

rFire   + . .        I - +6 Majin-Bo {spellvamp, MP+6 Int+6}
rCold   + + .        b - +0 kite shield
rNeg    + . .        Q - +1 robe of Jigsaw {rElec Dex+3 Archmagi}
rPois   +            (helmet unavailable)
rElec   +            V - scarf {rC+ rF+}
rCorr   +            r - +1 pair of gloves of Lifelessness {rC+}
SInv    +            m - +0 barding
Will    ++++.        G - amulet of magic regeneration
Stlth   +++          i - ring "Ylubemn" {+Blink rN+ Will+ Dex+2}
HPRegen 2.35/turn    t - +6 ring of intelligence
MPRegen 1.24/turn

%: archmagi
@: very slow
A: AC +9, large, see invisible, deformed body, poison resistance, slowness 2,
spit poison 2, naga tail 2, claws 1, horns 3, agile 2, deterioration 1, robust
2, strong 1, gelatinous body 2, translucent skin 2
0: Orb of Zot
}: 3/15 runes: serpentine, barnacled, slimy
a: Breathe Poison Gas, Renounce Religion, Evoke Blink, Oozemancy, Slimify


You escaped.
You worshipped Jiyva.
Jiyva was exalted by your worship.
You visited 13 branches of the dungeon, and saw 56 of its levels.
You visited 1 bazaar.
You visited 1 ziggurat, and saw 7 of its levels.
You also visited: Trove, Gauntlet and Ice Cave.

You collected 22333 gold pieces.
You spent 8775 gold pieces at shops.
You paid 8128 gold pieces to Gozag.

Inventory:

Hand Weapons
 I - the +6 Majin-Bo (weapon) {spellvamp, MP+6 Int+6}
   (You found it on level 3 of the Crypt)

   Int:       It affects your intelligence (+6).
   MP:        It affects your magic capacity (+6).
 W - the +7 broad axe of Destiny {flame, rPois Str+3 Int+3}
   (You bought it in a shop in a bazaar)

   Str:       It affects your strength (+3).
   Int:       It affects your intelligence (+3).
   rPois:     It protects you from poison.
Armour
 a - a +2 hat
 b - a +0 kite shield (worn)
 m - a +0 barding (worn)
 r - the +1 pair of gloves of Lifelessness (worn) {rC+}
   (You found it on level 3 of the Realm of Zot)

   rC:        It protects you from cold.
 K - the +8 troll leather armour "Diodd" {Contam rElec Regen+ Int-5 Dex+9}
   (You bought it in a shop on level 1 of the Lair of Beasts)

   Int:       It affects your intelligence (-5).
   Dex:       It affects your dexterity (+9).
   rElec:     It insulates you from electricity.
   Contam:    It causes magical contamination when unequipped.
   Regen:     It increases your rate of health regeneration.
 Q - the +1 robe of Jigsaw (worn) {rElec Dex+3 Archmagi}
   (You bought it in a shop on level 1 of the Lair of Beasts)

   Dex:       It affects your dexterity (+3).
   rElec:     It insulates you from electricity.
   Archmagi:  It increases the power of your magical spells.
 V - a scarf of resistance (worn)
Jewellery
 d - the ring of the Mutiny {Will++ rCorr Str-3}
   (You took it off a guardian mummy on level 1 of the Tomb of the Ancients)

   [ring of resist corrosion]

   Str:       It affects your strength (-3).
   rCorr:     It protects you from acid and corrosion.
   Will:      It greatly increases your willpower.
 i - the ring "Ylubemn" (left hand) {+Blink rN+ Will+ Dex+2}
   (You found it in a Gauntlet)

   [ring of positive energy]

   Dex:       It affects your dexterity (+2).
   rN:        It protects you from negative energy.
   +Blink:    It lets you blink.
   Will:      It increases your willpower.
 t - a +6 ring of intelligence (right hand)
 y - the ring "Aquapol" {rF+ rN+}
   (You found it in an ice cave)

   [ring of positive energy]

   rF:        It protects you from fire.
   rN:        It protects you from negative energy.
 C - the ring of the Mage {Wiz Archmagi}
   (You found it on level 1 of the Depths)

   [ring of wizardry]

   It improves your spell success rate.
   Archmagi:  It increases the power of your magical spells.
 G - an amulet of magic regeneration (around neck)
 T - the ring of Recklessness {rC+ Str+3 Int+6}
   (You found it in a treasure trove)

   [ring of protection from cold]

   Str:       It affects your strength (+3).
   Int:       It affects your intelligence (+6).
   rC:        It protects you from cold.
 Z - the ring of Okyikobb {rC++ rN+ Dex+3}
   (You found it in a treasure trove)

   [ring of positive energy]

   Dex:       It affects your dexterity (+3).
   rC:        It greatly protects you from cold.
   rN:        It protects you from negative energy.
Talismans
 x - a storm talisman
Wands
 l - a wand of digging (4)
 o - a wand of polymorph (34)
 z - a wand of mindburst (30)
 B - a wand of charming (80)
 N - a wand of flame (46)
 P - a wand of roots (52)
 U - a wand of acid (36)
Scrolls
 g - 10 scrolls of enchant armour
 j - a scroll of summoning
 k - 2 scrolls of immolation
 n - 15 scrolls of teleportation
 s - 5 scrolls of silence
 v - 12 scrolls of poison
 E - 8 scrolls of amnesia
 F - 3 scrolls of brand weapon
 L - 7 scrolls of fog
 M - 6 scrolls of blinking
 O - 3 scrolls of fear
 X - 3 scrolls of torment
 Y - 3 scrolls of enchant weapon
Potions
 c - 11 potions of mutation
 e - 3 potions of magic
 f - 9 potions of might
 h - 4 potions of haste
 p - 6 potions of lignification
 q - 5 potions of brilliance
 u - 5 potions of curing
 w - 2 potions of resistance
 D - 2 potions of heal wounds
 H - a potion of cancellation
 J - 3 potions of ambrosia
 R - 5 potions of enlightenment
 S - 5 potions of invisibility


   Skills:
 + Level 22.1 Fighting
 + Level 20.2 Dodging
 + Level 20.9 Stealth
 + Level 20.7 Shields
 + Level 22.1 Spellcasting
 - Level 2.0 Hexes
 O Level 27 Summonings
 - Level 2.0 Air Magic


You had 12 spell levels left.
You knew the following spells:

 Your Spells              Type           Power      Damage    Failure   Level
a - Summon Small Mammal   Summ           100%       N/A       0%          1
b - Call Imp              Summ           100%       N/A       0%          2
c - Call Canine Familiar  Summ           100%       N/A       0%          3
d - Summon Guardian Gole  Hex/Summ       100%       N/A       0%          3
e - Summon Lightning Spi  Summ/Air       100%       N/A       1%          4
f - Summon Forest         Summ/Tloc      59%        N/A       1%          5
g - Summon Cactus Giant   Summ           75%        N/A       0%          6
h - Summon Horrible Thin  Summ           75%        N/A       1%          8
i - Summon Hydra          Summ           75%        N/A       0%          7
j - Dragon's Call         Summ           75%        N/A       1%          9
k - Malign Gateway        Summ/Tloc      59%        N/A       2%          7
l - Apportation           Tloc           100%       N/A       1%          1
m - Blink                 Tloc           100%       N/A       1%          2

Your spell library contained the following spells:

 Spells                   Type           Power      Damage    Failure   Level
 Monstrous Menagerie      Summ           75%        N/A       0%          7
 Foxfire                  Conj/Fire      100%       2x1d9     1%          1
 Kiss of Death            Conj/Necr      100%       2d13      1%          1
 Magic Dart               Conj           100%       1d8       1%          1
 Sting                    Tmut/Pois      100%       1d8       1%          1
 Cigotuvi's Dreadful Rot  Necr/Pois/Air  100%       N/A       1%          2
 Ensorcelled Hibernation  Hex/Ice        100%       N/A       1%          2
 Lesser Beckoning         Tloc           100%       N/A       1%          2
 Momentum Strike          Conj/Tloc      100%       3d10      1%          2
 Passwall                 Tmut/Erth      47%        N/A       1%          2
 Poisonous Vapours        Pois/Air       100%       N/A       1%          2
 Scorch                   Fire           100%       2d9       1%          2
 Searing Ray              Conj           100%       2d8       1%          2
 Static Discharge         Conj/Air       100%       2-7/arc   1%          2
 Sublimation of Blood     Necr           57%        N/A       1%          2
 Wereblood                Tmut           57%        N/A       1%          2
 Confusing Touch          Hex            71%        N/A       1%          3
 Dazzling Flash           Conj/Hex       100%       N/A       1%          3
 Inner Flame              Hex/Fire       65%        N/A       1%          3
 Mephitic Cloud           Conj/Pois/Air  62%        N/A       1%          3
 Portal Projectile        Hex/Tloc       100%       N/A       1%          3
 Swiftness                Air            70%        N/A       1%          3
 Tukima's Dance           Hex            71%        N/A       1%          3
 Vhi's Electric Charge    Tloc/Air       100%       N/A       1%          3
 Summon Ice Beast         Ice/Summ       100%       N/A       1%          4
 Summon Mana Viper        Hex/Summ       100%       N/A       1%          5
 Frozen Ramparts          Ice            100%       1d16      2%          3
 Gell's Gravitas          Tloc           57%        N/A       2%          3
 Hailstorm                Conj/Ice       57%        3d12      2%          3
 Ignite Poison            Fire/Tmut/Pois 57%        N/A       2%          3
 Ozocubu's Armour         Ice            57%        N/A       2%          3
 Teleport Other           Tloc           57%        N/A       2%          3
 Volatile Blastmotes      Fire/Tloc      100%       2d18      2%          3
 Haunt                    Necr/Summ      59%        N/A       2%          7
 Spellforged Servitor     Conj/Summ      59%        N/A       2%          7
 Airstrike                Air            35%        2d(5-21)  3%          4
 Cause Fear               Hex            35%        N/A       3%          4
 Leda's Liquefaction      Hex/Erth       32%        N/A       5%          4
 Animate Dead             Necr           57%        N/A       9%          4
 Dispel Undead            Necr           57%        3d20      9%          4
 Flame Wave               Conj/Fire      57%        2d14      9%          4
 Olgreb's Toxic Radiance  Pois           57%        N/A       9%          4
 Passage of Golubria      Tloc           57%        N/A       9%          4
 Petrify                  Tmut/Erth      57%        N/A       9%          4
 Sticky Flame             Conj/Fire      57%        2d7       9%          4
 Silence                  Hex/Air        35%        N/A       10%         5
 Arcjolt                  Conj/Air       32%        1d42      16%         5
 Metabolic Englaciation   Hex/Ice        32%        N/A       16%         5
 Yara's Violent Unravell  Hex/Tmut       32%        3d13      16%         5
 Freezing Cloud           Conj/Ice/Air   31%        6-21      19%         5
 Agony                    Necr           57%        N/A       24%         5
 Alistair's Intoxication  Tmut/Pois      38%        N/A       24%         5
 Fireball                 Conj/Fire      28%        3d12      24%         5
 Irradiate                Conj/Tmut      28%        3d21      24%         5
 Iskenderun's Battlesphe  Conj           57%        2d11      24%         5
 Plasma Beam              Fire/Air       32%        2x1d45    65%         6
 Death Channel            Necr           28%        N/A       78%         6
 Dispersal                Tloc           28%        N/A       78%         6
 Eringya's Noxious Bog    Tmut/Pois      28%        4d6       78%         6
 Simulacrum               Ice/Necr       28%        N/A       78%         6
 Orb of Destruction       Conj           28%        9d9       100%        7
 Ozocubu's Refrigeration  Ice            28%        4d13      100%        7
 Borgnjor's Revivificati  Necr           28%        N/A       100%        8
 Discord                  Hex            35%        N/A       100%        8
 Ignition                 Fire           28%        3d9       100%        8
 Infestation              Necr           28%        N/A       100%        8
 Lehudib's Crystal Spear  Conj/Erth      28%        10d8      100%        8
 Death's Door             Necr           28%        N/A       100%        9
 Polar Vortex             Ice            28%        12d3*     100%        9
 Shatter                  Erth           28%        3d24*     100%        9


Dungeon Overview and Level Annotations

Branches:
Dungeon (15/15)            Temple (1/1) D:6            Lair (5/5) D:11
 Shoals (4/4) Lair:3        Snake (4/4) Lair:2        Slime (5/5) Lair:5
    Orc (2/2) D:9             Elf (3/3) Orc:2        Vaults (4/5) D:14
  Crypt (3/3) Vaults:3       Tomb (1/3) Crypt:3      Depths (4/4) D:15
    Zot (5/5) Depths:4      IceCv (visited)         Gauntlet (visited)

Altars:
Ashenzari
Cheibriados
Dithmenos
Elyvilon
Fedhas
Gozag
Hepliaklqana
Kikubaaqudgha
Makhleb
Nemelex Xobeh
Okawaru
Qazlal
Ru
Sif Muna
Trog
Uskayaw
Vehumet
Wu Jian
Xom
Yredelemnul
Zin
The Shining One
Jiyva

Shops:
D:4 [   Orc:1 *   Orc:2 [(:[   Lair:1 ([*:::=[   Shoals:1 !   Shoals:2 *
Snake:2 ![:   Snake:3 *   Snake:4 :   Depths:1 (   Depths:3 :   Depths:4 :

Portals:
Hell: Depths:1 Depths:2 Depths:3 Depths:4
Abyss: Depths:1 Depths:3
Pandemonium: Depths:1 Depths:2 Depths:3 Depths:4

Annotations:
Lair:3 3 runed translucent doors, Gamaf's ghost, journeyman MiFi
Slime:5 Royal Jelly


Innate Abilities, Weirdness & Mutations

Your serpentine skin is tough. (AC +9)
You have supernaturally acute eyesight. (SInv)
Armour fits poorly on your strangely shaped body.
Your system is resistant to poisons. (rPois)
You cover ground very slowly.
You can exhale a cloud of poison.
You can use your snake-like lower body to constrict enemies.
You have sharp fingernails.
You have a pair of large horns on your head.
You are very agile. (Dex +8, Str/Int -2)
Your body sometimes deteriorates upon taking damage.
You are very robust. (+20% HP)
Your muscles are strong. (Str +4, Int/Dex -1)
Your pliable body absorbs attacks. (AC +2, EV +2)
Your translucent skin reduces your foes' accuracy. (Stealth+)


Message History

Casting: Dragon's Call (mildly dangerous; 1% risk of failure)
Confirm with . or Enter, or press ? or * to list all spells.
You feel a surge of power! You block the Orb Guardian's attack.
You block the Orb Guardian's attack.
You swap places.
The Orb Guardian is struck by your cactus giant's spines.
The Orb Guardian hits your cactus giant!!
Your cactus giant closely misses the Orb Guardian.
The Orb Guardian is struck by your cactus giant's spines.
The Orb Guardian hits your cactus giant!!
The Orb Guardian is struck by your cactus giant's spines.
The Orb Guardian hits your cactus giant!!!
The Orb Guardian is struck by your cactus giant's spines.
The Orb Guardian hits your cactus giant!
The Orb Guardian is struck by your cactus giant's spines.
The Orb Guardian barely misses your cactus giant.
Your cactus giant barely misses the Orb Guardian.
The Orb Guardian is struck by your cactus giant's spines.
The Orb Guardian hits your cactus giant!
The Orb Guardian is struck by your cactus giant's spines.
The Orb Guardian dies!
You swap places.
You can once more reach out to the dragon horde.
There is a stone staircase leading up here.
You climb upwards.
Your summoned ally is left behind.
There is a stone staircase leading down here.
(D) Dungeon (T) Temple (L) Lair (A) Shoals (P) Snake Pit (M) Slime Pits (O) Orcish Mines (E) Elven Halls (V) Vaults (C) Crypt (W) Tomb (U) Depths (H) Hell (Z) Zot
Where to? (Enter - D:1, ? - help)
Okay, then.
Aiming: Dig
Press: ? - help, Shift-Dir - straight line A rock wall.
This square is covered in magical glow.
The rock shatters into small pieces.
There is a staircase leading out of the dungeon here.
You can't go down here!
You have escaped!

......###### ##########.........
......# ######## #.....>...
......######......#### ##........
.....#.##............## #........
.....##.......####....###........
...#####....#######....##........
...# ##....##.....##...###......#
...# #.....##..##.###.[###......#
#### #....#...##@.###..##.......#
#### #....##...###+#..###......##
...# #....###...###...##.......#
...# ##....##........###......##
...# #.....###....####.......#
...## ##.....########........##
....## ##......####.........##
.....## ##.................##
####..# ###.........[...########


There were no monsters in sight!

Vanquished Creatures
  A balrug (Zot:5)
  A hell knight (D:15)
  An obsidian statue (Zig:3)
  A harpy (Vaults:1)
  2 nameless horrors
  A kobold demonologist (D:10)
  A blink frog (Lair:2)
  A vampire mosquito (D:10)
  A naga (Lair:2)
  An alligator simulacrum (IceCv)
  A black bear (D:5)
  A howler monkey (D:12)
  An orc priest (Orc:1)
  Natasha (D:2)
  An adder (D:3)
  A bat (D:1)
  An endoplasm (D:3)
  A goblin (D:2)
  A jackal (D:1)
  A quokka (D:4)
  2 ball pythons
  A kobold (D:1)
  4 rats
28 creatures vanquished.

Vanquished Creatures (collateral kills)
  2 dread liches
  2 orbs of fire (Zot:5)
  5 ancient liches
  Boris (twice) (Vaults:3 Crypt:1)
  5 royal mummies
  9 Killer Klowns
  2 caustic shrikes (Depths:3)
  3 curse toes
  Saint Roka (Vaults:1)
  Jory (Vaults:4)
  A profane servitor (Crypt:1)
  15 golden dragons
  4 bone dragons
  2 doom hounds (Zig:6)
  An Ice Fiend (Zot:5)
  17 tentacled monstrosities
  A Hell Sentinel (D:7)
  4 electric golems
  29 Orb Guardians
  2 deep elf master archers (Elf:3)
  9 liches
  2 tainted leviathans (Zig:6)
  10 quicksilver dragons
  2 deep elf blademasters (Elf:3)
  12 ancient champions
  13 acid blobs
  7 death cobs
  7 sphinxes
  An Executioner (Depths:3)
  A kraken (Shoals:3)
  A tengu reaver (Depths:4)
  7 storm dragons
  4 shadow dragons
  3 azure jellies
  Ilsuiw (Shoals:3)
  7 draconian monks
  3 nagarajas
  8 rockslimes
  A nargun (Zig:2)
  6 revenants
  6 draconian knights
  9 fire giants
  6 draconian scorchers
  7 deep elf sorcerers (Elf:3)
  9 frost giants
  4 ghost moths
  A caustic shrike zombie (Depths:3)
  3 spriggan defenders
  4 deep elf elementalists (Elf:3)
  14 vault wardens
  Louise (Shoals:3)
  A curse skull (Crypt:3)
  2 balrugs
  4 draconian shifters
  An orc warlord (Orc:1)
  2 iron dragons
  10 draconian annihilators
  3 draconian stormcallers
  5 reapers
  8 ironbound preservers
  9 very ugly things
  11 stone giants
  2 juggernaut skeletons
  4 quicksilver oozes
  9 ghouls
  2 war gargoyles (Zot:3)
  7 formless jellyfish
  10 vampire knights
  10 green draconians
  A spark wasp (Depths:2)
  5 ironbound thunderhulks
  8 deep elf annihilators (Elf:3)
  6 black draconians
  8 yellow draconians
  8 deep elf demonologists
  12 purple draconians
  A putrid mouth (Zig:6)
  7 red draconians
  8 white draconians
  13 dire elephants
  2 eidola (Crypt:1)
  13 mummy priests
  8 merfolk javelineers
  6 merfolk impalers
  10 deep elf death magi
  3 deep elf high priests
  22 jiangshi
  2 spriggan zombies
  An entropy weaver (Vaults:4)
  12 ettins
  9 yaktaur captains
  11 fire dragons
  12 great orbs of eyes
  3 vault guards
  4 rakshasas
  18 ice dragons
  6 salamander tyrants
  6 hydras
  4 death knights
  A quicksilver dragon skeleton (Depths:2)
  3 hell beasts
  A spriggan skeleton (Crypt:3)
  2 caustic shrike simulacra (IceCv)
  2 spriggan air magi
  4 alligator snapping turtles
  2 catoblepae
  7 ironbound frosthearts
  4 merfolk avatars
  19 centaur warriors
  20 anacondas
  25 dancing weapons
  4 boulder beetles
  3 merfolk aquamancers
  12 naga warriors
  4 two-headed ogres
  2 satyrs
  9 deep troll earth magi
  3 hell hogs (Depths:4)
  12 death yaks
  6 deep troll shamans
  8 tengu warriors
  A titan zombie (Crypt:3)
  Urug (Orc:1)
  A demonic crawler (D:10)
  17 death scarabs
  11 shock serpents
  17 naga sharpshooters
  5 orc high priests
  7 spriggan berserkers
  11 sun demons
  9 vampire magi
  17 hell knights
  7 soul eaters
  Sonja (Orc:1)
  16 deep elf knights
  9 iron trolls
  A sixfirhy (Depths:1)
  7 skysharks
  A fire crab (Gauntlet)
  5 shadow wraiths
  16 skeletal warriors
  11 salamander mystics
  A storm dragon skeleton (Depths:2)
  14 sea snakes
  A swamp dragon (Zig:1)
  2 orange crystal statues
  2 glowing orange brains
  A shadow demon (Depths:4)
  A spriggan simulacrum (IceCv)
  15 deep elf archers
  52 deep trolls
  14 deep elf zephyrmancers
  4 obsidian statues
  6 bog bodies
  7 flayed ghosts
  13 wizards
  6 naga ritualists
  5 orc knights
  2 iron dragon zombies
  10 ironbound convokers
  15 lindwurms
  28 deep elf pyromancers
  17 mana vipers
  15 phantasmal warriors
  A fire giant zombie (Depths:3)
  25 harpies
  A frost giant zombie (Crypt:1)
  3 orc sorcerers
  3 shining eyes
  8 necromancers
  18 fauns
  37 ugly things
  4 cyclopes
  A tengu skeleton (Zig:4)
  A cyclops (shapeshifter) (Zig:3)
  14 manticores
  35 moths of wrath
  A will-o-the-wisp (Zig:1)
  A sphinx skeleton (Depths:3)
  An iron dragon skeleton (Crypt:3)
  24 salamanders
  6 eyes of devastation
  Maurice (D:8)
  2 orange demons (Depths:2)
  A dire elephant zombie (Crypt:3)
  5 rust devils
  19 naga magi
  30 black mambas
  11 elephants
  A naga zombie (Crypt:1)
  2 apocalypse crabs (Zig:3)
  4 water nymphs
  3 merfolk sirens
  15 vault sentinels
  7 guardian serpents
  3 smoke demons
  5 cane toads
  A gargoyle (D:14)
  5 ice statues
  14 komodo dragons
  4 rime drakes
  An unseen horror zombie (D:8)
  A kobold demonologist (D:10)
  21 freezing wraiths
  44 yaktaurs
  A spark wasp simulacrum (Depths:3)
  An anaconda simulacrum (IceCv)
  A green draconian zombie (Crypt:2)
  5 ice devils
  2 tormentors
  24 guardian mummies
  A mana viper zombie (Crypt:2)
  4 golden dragon simulacra (IceCv)
  4 tengu conjurers
  A red devil (Depths:2)
  2 hellwings
  6 meliai
  A queen bee (shapeshifter) (D:14)
  10 trolls
  A death yak skeleton (Crypt:2)
  A sea snake skeleton (Crypt:3)
  6 wind drakes
  34 merfolk
  21 nameless horrors
  3 polar bears
  A mana viper skeleton (Crypt:2)
  2 hydra skeletons
  A polar bear (shapeshifter) (D:14)
  7 dream sheep (Lair:5)
  A sphinx simulacrum (Depths:3)
  A hornet (Depths:4)
  A blink frog (shapeshifter) (D:13)
  Prince Ribbit (D:9)
  A spectral black mamba (Gauntlet)
  8 blink frogs (Lair:2)
  A moth of wrath zombie (Crypt:1)
  2 ettin zombies
  13 snapping turtles
  A black mamba zombie (Crypt:3)
  A shadow (D:11)
  6 flying skulls (Tomb:1)
  An air elemental (Elf:2)
  2 dire elephant simulacra (IceCv)
  92 slime creatures
  A culicivora (Vaults:4)
  9 water elementals
  2 vampires
  7 wraiths
  A ynoxinul (Depths:1)
  2 ice dragon skeletons (Crypt:2)
  15 yaks
  A spriggan (Depths:4)
  4 wyverns
  4 fire bats (Gauntlet)
  6 ushabtiu
  2 steam dragons
  A black mamba skeleton (Tomb:1)
  6 golden eyes (Slime:1)
  5 chaos spawn
  3 neqoxecs
  3 fire elementals
  A minotaur simulacrum (IceCv)
  9 vampire mosquitoes
  4 basilisks
  A hog (shapeshifter) (D:14)
  A redback (Vaults:4)
  46 nagas
  3 wargs
  2 harpy simulacra
  An acid dragon (D:10)
  A hell hound (Gauntlet)
  10 water moccasins
  A floating eye (Lair:5)
  A cane toad skeleton (Crypt:3)
  37 orc warriors
  Duvessa (D:4)
  A lindwurm zombie (Crypt:3)
  A black bear (Lair:3)
  A hornet zombie (Crypt:1)
  5 alligator simulacra (IceCv)
  A spectral rime drake (Gauntlet)
  A sky beast (D:7)
  29 wolves
  A dream sheep zombie (Crypt:1)
  2 boggarts
  7 ice beasts
  8 centaurs
  A snapping turtle zombie (Crypt:3)
  8 ogres
  A hog zombie (Crypt:3)
  A torpor snail zombie (Crypt:2)
  A snapping turtle skeleton (Crypt:2)
  A hog skeleton (Crypt:1)
  A fire crab zombie (Crypt:3)
  11 bullfrogs
  6 kobold brigands
  5 necrophages
  2 deep troll simulacra (IceCv)
  A wyvern zombie (D:8)
  2 earth elementals
  3 scorpions
  8 wights
  Dowan (D:4)
  6 lindwurm simulacra (IceCv)
  2 troll skeletons (Crypt:3)
  9 howler monkeys
  A wolf zombie (Crypt:2)
  5 centaur zombies
  A bullfrog zombie (Crypt:2)
  3 jellies
  38 orc priests
  A gnoll bouda (D:8)
  3 hounds
  A sleepcap (D:4)
  Natasha (twice) (D:2)
  6 iguanas
  28 orc wizards
  6 hell rats (Lair:5)
  A boggart skeleton (Crypt:3)
  A killer bee zombie (D:8)
  A deep dwarf zombie (Crypt:1)
  A naga skeleton (Crypt:1)
  An acid dragon skeleton (Crypt:1)
  17 mummies
  2 howler monkey zombies (D:8)
  5 gnolls (D:8)
  6 adders
  A shadow imp (D:5)
  2 white imps
  3 ufetubi
  6 worms
  3 dart slugs
  63 orcs
  4 endoplasms
  4 goblins
  4 hobgoblins
  8 jackals
  5 quokkas
  3 ball pythons
  2 bats (D:3)
  A frilled lizard (D:1)
  10 kobolds
  A rat (D:1)
2385 creatures vanquished.

Vanquished Creatures (others)
  A fire giant (Depths:2)
  A draconian stormcaller (Zot:3)
  A minotaur (Gauntlet)
  A hydra (D:11)
  A two-headed ogre (D:11)
  3 glowing orange brains (Depths:3)
  2 death yaks (Lair:4)
  A deep elf knight (Elf:2)
  A soul eater (Depths:4)
  A necromancer (Depths:4)
  A cyclops (D:12)
  A faun (shapeshifter) (Zot:3)
  A moth of wrath (Zot:1)
  4 elephants
  A torpor snail (Lair:1)
  A smoke demon (Depths:4)
  A merfolk (Shoals:1)
  4 blink frogs (Lair:2)
  A shadow (D:10)
  A wyvern (D:10)
  19 yaks
  A floating eye (Depths:3)
  A swamp worm (shapeshifter) (Zot:3)
  2 water moccasins
  2 orc warriors
  An ogre (D:6)
  A necrophage (Crypt:2)
  A bullfrog (Lair:1)
  2 wights (D:6)
  3 killer bees (D:9)
  169 jellies
  Crazy Yiuf (D:6)
  An orc (D:6)
  An endoplasm zombie (Crypt:1)
  A kobold (D:8)
  2 foxfires (Zig:1)
  20 snaplasher vines
  9 tentacles (Shoals:3)
266 creatures vanquished.

Grand Total: 2679 creatures vanquished

Notes
Turn   | Place    | Note
-------+----------+-------------------------------------------
     0 | D:1      | cforsyth the Naga Summoner began the quest for the Orb.
     0 | D:1      | Reached XP level 1. HP: 15/15 MP: 3/3
   406 | D:1      | Found a faded altar of an unknown god.
   419 | D:1      | Reached XP level 2. HP: 20/22 MP: 1/5
   572 | D:1      | Learned a level 2 spell: Call Imp
   859 | D:2      | Found a broken altar of Ashenzari.
   901 | D:2      | Reached XP level 3. HP: 20/28 MP: 0/7
  1066 | D:2      | Identified the orb of a Gauntlet {*Rage, rElec}
  1202 | D:2      | Learned a level 3 spell: Call Canine Familiar
  1406 | D:2      | Noticed Natasha
  1418 | D:2      | Killed Natasha
  1419 | D:2      | Reached XP level 4. HP: 20/36 MP: 3/8
  1586 | D:2      | Noticed Natasha
  1594 | D:2      | Killed Natasha
  1595 | D:2      | Reached skill level 5 in Summonings
  1639 | D:2      | Noticed Natasha
  1655 | D:2      | Killed Natasha
  1656 | D:2      | Reached XP level 5. HP: 42/42 MP: 0/10
  2011 | D:3      | Learned a level 3 spell: Summon Guardian Golem
  2541 | D:3      | Found an ornate altar of the Wu Jian Council.
  3045 | D:4      | Reached skill level 1 in Hexes
  3311 | D:4      | Reached XP level 6. HP: 43/49 MP: 4/12
  3400 | D:4      | Found Kouh's Armour Emporium.
  3592 | D:4      | Learned a level 4 spell: Summon Lightning Spire
  3749 | D:4      | Noticed Dowan
  3765 | D:4      | Killed Dowan
  3766 | D:4      | Reached skill level 6 in Summonings
  3767 | D:4      | Noticed Duvessa
  3771 | D:4      | Killed Duvessa
  3772 | D:4      | Reached skill level 1 in Air Magic
  3772 | D:4      | Reached XP level 7. HP: 55/55 MP: 4/14
  3841 | D:4      | Found a basalt altar of Yredelemnul.
  4264 | D:5      | Entered Level 5 of the Dungeon
  4355 | D:5      | Found a glowing silver altar of Zin.
  4438 | D:5      | Reached skill level 5 in Spellcasting
  5528 | D:5      | Reached skill level 7 in Summonings
  5528 | D:5      | Reached XP level 8. HP: 46/62 MP: 2/16
  6079 | D:6      | Found an iron altar of Okawaru.
  6234 | D:6      | Reached skill level 8 in Summonings
  6287 | D:6      | Found a staircase to the Ecumenical Temple.
  6295 | Temple   | Entered the Ecumenical Temple
  6308 | Temple   | Became a worshipper of Gozag Ym Sagoz the Greedy
  6773 | D:6      | Reached XP level 9. HP: 68/68 MP: 14/19
  6984 | D:6      | Found a runed translucent door.
  6985 | D:6      | Noticed Crazy Yiuf
  7220 | D:6      | Killed Crazy Yiuf
  7670 | D:7      | Reached skill level 9 in Summonings
  8114 | D:7      | Found a hazy altar of Hepliaklqana.
  8458 | D:8      | Reached skill level 10 in Summonings
  8458 | D:8      | Noticed Maurice
  8461 | D:8      | Reached XP level 10. HP: 60/75 MP: 11/22
  8485 | D:8      | Killed Maurice
  8804 | D:8      | Reached skill level 11 in Summonings
  8846 | D:8      | Noticed a +0 dagger
  8846 | D:8      | Noticed a +0 short sword
  8846 | D:8      | Noticed a +0 spear
  8847 | D:8      | Noticed a +0 spear
  8849 | D:8      | Noticed a +0 dagger
  8851 | D:8      | Noticed a +0 falchion
  8855 | D:8      | Noticed a +0 falchion
  8862 | D:8      | Noticed a +0 short sword
  9001 | D:8      | Found a hide-covered altar of Uskayaw.
  9203 | D:9      | Noticed Prince Ribbit
  9214 | D:9      | Killed Prince Ribbit
  9225 | D:9      | Reached skill level 10 in Spellcasting
  9444 | D:9      | Found a glowing golden altar of the Shining One.
  9626 | D:9      | Found a shadowy altar of Dithmenos.
  9693 | D:9      | Found a staircase to the Orcish Mines.
 10405 | D:9      | Noticed a cyclops
 10613 | D:9      | Killed a cyclops
 10614 | D:9      | Reached skill level 12 in Summonings
 10614 | D:9      | Reached XP level 11. HP: 62/81 MP: 14/25
 10910 | D:10     | Entered Level 10 of the Dungeon
 11044 | D:10     | Found an ancient bone altar of Kikubaaqudgha.
 11243 | D:10     | Noticed a sixfirhy
 11621 | D:10     | Noticed a two-headed ogre
 11635 | D:10     | Killed a two-headed ogre
 11846 | D:10     | Reached skill level 13 in Summonings
 12495 | D:11     | Noticed a boulder beetle
 12496 | D:11     | Reached skill level 1 in Fighting
 12514 | D:11     | Killed a boulder beetle
 12598 | D:11     | Noticed a two-headed ogre
 12630 | D:11     | Killed a two-headed ogre
 12795 | D:11     | Found a staircase to the Lair.
 12817 | D:11     | Noticed a five-headed hydra
 12830 | D:11     | Killed a five-headed hydra
 12831 | D:11     | Reached XP level 12. HP: 97/97 MP: 22/27
 12870 | Lair:1   | Entered Level 1 of the Lair of Beasts
 12877 | Lair:1   | Bought a book of Blood for 476 gold pieces
 12885 | Lair:1   | Learned a level 7 spell: Summon Hydra
 13007 | D:11     | Noticed a two-headed ogre
 13022 | D:11     | Killed a two-headed ogre
 13232 | D:11     | Found a portal to a secret trove of treasure.
 14738 | Lair:1   | Reached skill level 5 in Fighting
 14983 | Lair:1   | Reached skill level 14 in Summonings
 15115 | Lair:1   | Reached skill level 5 in Dodging
 16372 | Lair:2   | Gained mutation: You can use your snake-like lower body to
                  | constrict enemies. [Naga growth]
 16372 | Lair:2   | Reached XP level 13. HP: 87/114 MP: 14/28
 17648 | Lair:2   | Reached skill level 15 in Summonings
 17722 | Lair:2   | Found a staircase to the Snake Pit.
 18754 | Lair:3   | Found a runed translucent gate.
 18754 | Lair:3   | Found a runed translucent gate.
 18754 | Lair:3   | Found a runed translucent gate.
 18939 | Lair:3   | Found a staircase to the Shoals.
 18946 | Lair:3   | Noticed Gamaf's ghost (journeyman MiFi)
 19762 | Lair:4   | Found a gate leading to a gauntlet.
 19771 | Gauntlet | Entered a Gauntlet
 19771 | Gauntlet | Found a transporter.
 19771 | Gauntlet | Found a large runed translucent door.
 19771 | Gauntlet | Found a large runed translucent door.
 19771 | Gauntlet | Found a large runed translucent door.
 19771 | Gauntlet | Found a large runed translucent door.
 19771 | Gauntlet | Found a runed translucent door.
 19771 | Gauntlet | Found a runed translucent door.
 19771 | Gauntlet | Found a large runed translucent door.
 19771 | Gauntlet | Found a large runed translucent door.
 19771 | Gauntlet | Found a large runed translucent door.
 19771 | Gauntlet | Found a large runed translucent door.
 19771 | Gauntlet | Found a large runed translucent door.
 19771 | Gauntlet | Found a large runed translucent door.
 19791 | Gauntlet | Found a large runed translucent door.
 19791 | Gauntlet | Found a large runed translucent door.
 19799 | Gauntlet | Found a transporter.
 19814 | Gauntlet | Found a transporter.
 19819 | Gauntlet | Found a transporter.
 19823 | Gauntlet | Noticed a green death
 19834 | Gauntlet | Found a transporter.
 19853 | Gauntlet | Found a transporter.
 19865 | Gauntlet | Found a transporter.
 19875 | Gauntlet | Noticed a great orb of eyes
 19877 | Gauntlet | Found a transporter.
 19889 | Gauntlet | Found a transporter.
 19901 | Gauntlet | Found a transporter.
 19918 | Gauntlet | Found a transporter.
 19918 | Gauntlet | Found a transporter.
 19938 | Gauntlet | Found a transporter.
 19958 | Gauntlet | Found a transporter.
 19980 | Gauntlet | Found a transporter.
 20057 | Gauntlet | Found a transporter.
 20075 | Gauntlet | Found a large runed translucent door.
 20076 | Gauntlet | Found a large runed translucent door.
 20080 | Gauntlet | Found a runed translucent gate.
 20080 | Gauntlet | Found a runed translucent gate.
 20080 | Gauntlet | Found a runed translucent gate.
 20082 | Gauntlet | Found a transporter.
 20084 | Gauntlet | Found a transporter.
 20090 | Gauntlet | Found a large runed translucent door.
 20091 | Gauntlet | Found a large runed translucent door.
 20494 | Gauntlet | Got Mnoleg's Almanac of Companions
 20503 | Gauntlet | Learned a level 5 spell: Summon Forest
 20510 | Gauntlet | Learned a level 6 spell: Summon Cactus Giant
 20745 | Gauntlet | Identified the ring "Ylubemn" {+Blink rN+ Will+ Dex+2}
 20953 | Gauntlet | Noticed a minotaur
 20964 | Gauntlet | Killed a minotaur
 21393 | Lair:4   | Reached XP level 14. HP: 129/129 MP: 12/29
 21840 | Lair:4   | Reached skill level 16 in Summonings
 22718 | Lair:5   | Entered Level 5 of the Lair of Beasts
 23321 | Lair:5   | Found a staircase to the Slime Pits.
 24380 | Lair:5   | Noticed a dire elephant
 24392 | Lair:5   | Killed a dire elephant
 24796 | Lair:5   | Reached skill level 17 in Summonings
 25968 | Orc:1    | Entered Level 1 of the Orcish Mines
 26372 | Orc:1    | Found Meap's General Store.
 26382 | Orc:1    | Reached XP level 15. HP: 136/136 MP: 19/32
 26546 | Orc:1    | Noticed Sonja
 26557 | Orc:1    | Killed Sonja
 26568 | Orc:1    | Noticed Urug
 26754 | Orc:1    | Killed Urug
 27186 | Orc:1    | Noticed an orc warlord
 27195 | Orc:1    | Killed an orc warlord
 27350 | Orc:1    | Reached skill level 18 in Summonings
 27763 | Orc:2    | Entered Level 2 of the Orcish Mines
 27932 | Orc:2    | Paralysed by an orc sorcerer for 5 turns
 28319 | Orc:2    | Found a staircase to the Elven Halls.
 28751 | Orc:1    | Learned a level 9 spell: Dragon's Call
 28895 | Orc:1    | Noticed a nameless horror
 28908 | Orc:1    | Killed a nameless horror
 30138 | Orc:2    | Found Imeg's Book Boutique.
 30140 | Orc:2    | Found Zoracec's Antique Armour Boutique.
 30141 | Orc:2    | Found Naliloef's Weapon Shop.
 30145 | Orc:2    | Found Erumoc's Armour Shop.
 30680 | Lair:1   | Bought the +1 robe of Jigsaw {rElec Dex+3 Archmagi} for 600
                  | gold pieces
 31342 | D:13     | Reached skill level 19 in Summonings
 33794 | D:14     | Found a gate to the Vaults.
 33982 | D:15     | Entered Level 15 of the Dungeon
 34274 | D:15     | Reached skill level 20 in Summonings
 34611 | D:15     | Found a staircase to the Depths.
 35354 | D:15     | Reached XP level 16. HP: 139/146 MP: 15/33
 36291 | Snake:1  | Entered Level 1 of the Snake Pit
 36642 | Snake:1  | Reached skill level 21 in Summonings
 36658 | Snake:1  | Found a frozen archway.
 36679 | IceCv    | Entered an ice cave
 37341 | IceCv    | Identified the -1 hat of Incorporation {Fly Will+ Str+4}
 37365 | IceCv    | Found an ancient bone altar of Kikubaaqudgha.
 38654 | IceCv    | Noticed a lich
 38816 | IceCv    | Killed a lich
 38817 | IceCv    | Reached skill level 22 in Summonings
 39292 | IceCv    | Got the Vellum of the Iceberg
 39299 | IceCv    | Identified the ring "Aquapol" {rF+ rN+}
 41188 | Snake:2  | Reached XP level 17. HP: 152/152 MP: 13/34
 41354 | Snake:2  | Reached skill level 23 in Summonings
 41920 | Snake:2  | Found Emnif's Book Shoppe.
 41983 | Snake:2  | Found Pysin's Antique Armour Emporium.
 41985 | Snake:2  | Found Fifeniokh's Distillery.
 41991 | Snake:2  | Bought a pair of glowing gloves for 292 gold pieces
 42776 | Snake:3  | Reached skill level 24 in Summonings
 43174 | Snake:3  | Found Joenine's General Store.
 43553 | Snake:4  | Entered Level 4 of the Snake Pit
 43813 | Snake:4  | Reached skill level 10 in Fighting
 44273 | Snake:4  | Found Woskoetu's Book Shop.
 44282 | Snake:4  | Bought a manual of Dodging for 1120 gold pieces
 44504 | Snake:4  | Reached XP level 18. HP: 163/163 MP: 12/35
 44990 | Snake:4  | Reached skill level 10 in Dodging
 46145 | Snake:4  | Got a serpentine rune of Zot
 46349 | Shoals:1 | Entered Level 1 of the Shoals
 46640 | Shoals:1 | Found Daav's Distillery.
 46766 | Shoals:1 | Bought a potion of curing for 33 gold pieces
 48099 | Shoals:2 | Identified the +1 cloak of Boiling Hail {-Tele rC++ MP+9
                  | Dex+8}
 48129 | Shoals:2 | Found Iiqu's Incredible Inventory.
 48937 | Shoals:3 | Noticed Louise
 49520 | Shoals:3 | Noticed Ilsuiw
 49527 | Shoals:3 | Reached XP level 19. HP: 136/176 MP: 14/37
 50467 | Shoals:3 | Killed Louise
 50653 | Shoals:3 | Killed Ilsuiw
 50675 | Shoals:3 | Reached skill level 15 in Spellcasting
 51237 | Shoals:4 | Entered Level 4 of the Shoals
 54363 | Shoals:4 | Got a barnacled rune of Zot
 54977 | Snake:2  | Bought a barding for 897 gold pieces
 55071 | Lair:1   | Bought a manual of Shields for 1200 gold pieces
 55179 | Vaults:1 | Entered Level 1 of the Vaults
 55214 | Vaults:1 | Reached skill level 1 in Shields
 56209 | Vaults:1 | Reached XP level 20. HP: 115/190 MP: 18/39
 56519 | Vaults:1 | Noticed Saint Roka
 56525 | Vaults:1 | Killed Saint Roka
 56526 | Vaults:1 | Reached skill level 5 in Shields
 57490 | Vaults:1 | Identified the +2 hand axe of the Fortifying Priest {flame,
                  | rCorr Int+2}
 59720 | Vaults:2 | Reached skill level 15 in Fighting
 60056 | Vaults:3 | Identified the +6 rapier of Ascent {freeze, Will+ Str+5
                  | Int-5}
 60071 | Vaults:3 | Noticed Boris
 60082 | Vaults:3 | Killed Boris
 60195 | Vaults:3 | Found a staircase to the Crypt.
 60311 | Vaults:3 | Reached XP level 21. HP: 131/201 MP: 17/41
 60649 | Vaults:3 | You fall into a shaft and drop 1 floor!
 60789 | Vaults:4 | Identified the +10 sling of Execution {antimagic, Str+2}
 60884 | Vaults:4 | Reached skill level 15 in Dodging
 62617 | Vaults:3 | Reached skill level 10 in Shields
 63072 | Vaults:4 | Noticed Jory
 63270 | Vaults:4 | Killed Jory
 64539 | Elf:1    | Entered Level 1 of the Elven Halls
 66066 | Elf:2    | Found a flickering gateway to a bazaar.
 66094 | Bazaar   | Entered a bazaar
 66094 | Bazaar   | Found Feos's Armour Shop.
 66175 | Bazaar   | Found Dety's Antique Weapon Emporium.
 66183 | Bazaar   | Bought a transparent broad axe for 135 gold pieces
 66183 | Bazaar   | Identified the +7 broad axe of Destiny {flame, rPois Str+3
                  | Int+3} (You bought it in a shop in a bazaar)
 66207 | Bazaar   | Found Xoitrox's Book Emporium.
 66220 | Bazaar   | Found Asanaq's Armour Boutique.
 66329 | Elf:2    | Got the Dissertation on the Snake and Vicissitude
 66765 | Elf:2    | Found a runed translucent gate.
 66765 | Elf:2    | Found a runed translucent gate.
 66766 | Elf:2    | Found a runed translucent gate.
 67085 | Elf:2    | Reached XP level 22. HP: 213/213 MP: 21/43
 67630 | Elf:3    | Entered Level 3 of the Elven Halls
 68131 | Elf:3    | Identified the amulet of Ziemuble {rElec Regen+}
 68168 | Elf:3    | Reached skill level 25 in Summonings
 69056 | Elf:3    | Identified the +1 leather armour "Komma" {rC+}
 69396 | Elf:3    | Identified the amulet "Ybuetunn" {RegenMP +Inv rPois Str+5
                  | Int-5}
 69802 | Elf:3    | Found the +2 hood of the Assassin {Detect Stab+ Stlth++}
 69973 | Elf:3    | Learned a level 8 spell: Summon Horrible Things
 69981 | Elf:3    | Learned a level 7 spell: Malign Gateway
 70019 | Elf:3    | Identified the +5 flail "Ikaylite" {freeze, rC+ Int+6
                  | Dex+6}
 70052 | Elf:3    | Found the +7 captain's cutlass {speed, disarm}
 70066 | Elf:3    | Identified the +1 shortbow "Rirud" {freeze, Fly rElec rF+
                  | rC-}
 70129 | Elf:3    | Identified the +5 scimitar "Nimpoast" {heavy, Contam rC++
                  | Int+4}
 70475 | Slime:1  | Entered Level 1 of the Pits of Slime
 72855 | Slime:5  | Entered Level 5 of the Pits of Slime
 73305 | Slime:5  | Reached XP level 23. HP: 200/223 MP: 20/45
 73807 | Slime:5  | Noticed the Royal Jelly
 74122 | Slime:5  | Found a viscous altar of Jiyva.
 74131 | Slime:5  | Found the +11 plutonium sword {Contam Stlth-}
 74714 | Lair:1   | Bought a scroll of blinking for 150 gold pieces
 74714 | Lair:1   | Bought a scroll of teleportation for 60 gold pieces
 74716 | Lair:1   | Bought a steaming war axe for 246 gold pieces
 74716 | Lair:1   | Identified the +6 war axe of Operatz {flame, rElec rN+
                  | Stlth-} (You bought it in a shop on level 1 of the Lair of
                  | Beasts)
 74720 | Lair:1   | Bought a book of Party Tricks for 208 gold pieces
 74720 | Lair:1   | Bought a manual of Stealth for 1040 gold pieces
 74721 | Lair:1   | Bought a manual of Shields for 1360 gold pieces
 74725 | Lair:1   | Bought an encrusted troll leather armour for 880 gold
                  | pieces
 74725 | Lair:1   | Identified the +8 troll leather armour "Diodd" {Contam
                  | rElec Regen+ Int-5 Dex+9} (You bought it in a shop on level
                  | 1 of the Lair of Beasts)
 75363 | Slime:5  | Fell from the grace of Gozag
 75363 | Slime:5  | Became a worshipper of Jiyva Jolaojy the Shapeless
 75783 | Crypt:1  | Entered Level 1 of the Crypt
 75786 | Crypt:1  | Noticed Boris
 75796 | Crypt:1  | Killed Boris
 76035 | Vaults:3 | Reached skill level 5 in Stealth
 76969 | Crypt:1  | Reached * piety under Jiyva
 77360 | Crypt:1  | Found a basalt altar of Yredelemnul.
 77467 | Crypt:1  | Identified the +6 hand axe of Dorgh {freeze, rF- rN+++
                  | Str+3 Stlth-}
 77470 | Crypt:1  | Got the Incunabulum of Flame
 77554 | Crypt:1  | Reached ** piety under Jiyva
 78323 | Crypt:2  | Reached *** piety under Jiyva
 78859 | Crypt:2  | Gained mutation: You have a pair of small horns on your
                  | head. [Jiyva's grace]
 78859 | Crypt:2  | Gained mutation: You have a pair of horns on your head.
                  | [Jiyva's grace]
 78859 | Crypt:2  | Gained mutation: You have a pair of large horns on your
                  | head. [Jiyva's grace]
 78859 | Crypt:2  | Gained mutation: You possess an exceptional clarity of
                  | mind. [Jiyva's grace]
 78913 | Crypt:3  | Entered Level 3 of the Crypt
 79093 | Crypt:3  | Noticed an ancient lich
 79098 | Crypt:3  | Killed an ancient lich
 79189 | Crypt:3  | Reached **** piety under Jiyva
 79324 | Crypt:3  | Reached XP level 24. HP: 231/236 MP: 39/45
 79327 | Crypt:3  | Reached skill level 15 in Shields
 79836 | Crypt:3  | Noticed a royal mummy
 79845 | Crypt:3  | Killed a royal mummy
 79941 | Crypt:3  | Found a basalt altar of Yredelemnul.
 79945 | Crypt:3  | Found an ancient bone altar of Kikubaaqudgha.
 79977 | Crypt:3  | Found the +6 Majin-Bo {spellvamp, MP+6 Int+6}
 79982 | Crypt:3  | Got the Cyclopedia of Psychosis
 79986 | Crypt:3  | Identified the +1 morningstar "Fesebut" {spect, rCorr
                  | Dex+2}
 80046 | Crypt:3  | Identified the +8 rapier "Guno" {elec, Str+2}
 80184 | Crypt:3  | Found a staircase to the Tomb.
 80379 | Tomb:1   | Entered Level 1 of the Tomb of the Ancients
 80500 | Tomb:1   | Reached skill level 26 in Summonings
 80667 | Tomb:1   | Noticed a royal mummy
 80678 | Tomb:1   | Killed a royal mummy
 80764 | Tomb:1   | Reached ***** piety under Jiyva
 80766 | Tomb:1   | Lost mutation: You have a pair of large horns on your head.
                  | [Jiyva's grace]
 80766 | Tomb:1   | Lost mutation: You possess an exceptional clarity of mind.
                  | [Jiyva's grace]
 80766 | Tomb:1   | Gained mutation: You have sharp fingernails. [Jiyva's
                  | grace]
 80766 | Tomb:1   | Gained mutation: You have very sharp fingernails. [Jiyva's
                  | grace]
 80766 | Tomb:1   | Gained mutation: You have claws for hands. [Jiyva's grace]
 80766 | Tomb:1   | Gained mutation: You can exhale a cloud of poison. [Jiyva's
                  | grace]
 80897 | Tomb:1   | Noticed a royal mummy
 80905 | Tomb:1   | Killed a royal mummy
 81043 | Tomb:1   | Identified the ring of the Mutiny {Will++ rCorr Str-3}
 81311 | Tomb:1   | Noticed a royal mummy
 81318 | Tomb:1   | Killed a royal mummy
 81998 | Depths:1 | Entered Level 1 of the Depths
 82525 | Depths:1 | Found the ring of the Mage {Wiz Archmagi}
 82587 | Depths:1 | Found a runed translucent door.
 82722 | Depths:1 | Found a one-way gate to the infinite horrors of the Abyss.
 82934 | Depths:1 | Found a gateway to Hell.
 82955 | Depths:1 | Found Fixuenul's Antique Weapon Boutique.
 83147 | Depths:1 | Found a one-way gate leading to the halls of Pandemonium.
 83379 | Depths:2 | Reached XP level 25. HP: 162/247 MP: 26/46
 83506 | Depths:2 | Was forgiven by Gozag
 83696 | Depths:2 | Found a one-way gateway to a ziggurat.
 83967 | Depths:2 | Lost mutation: You have claws for hands. [Jiyva's grace]
 83967 | Depths:2 | Lost mutation: You can exhale a cloud of poison. [Jiyva's
                  | grace]
 83967 | Depths:2 | Gained mutation: Your translucent skin slightly reduces
                  | your foes' accuracy. (Stealth+) [Jiyva's grace]
 83967 | Depths:2 | Gained mutation: Your translucent skin reduces your foes'
                  | accuracy. (Stealth+) [Jiyva's grace]
 83967 | Depths:2 | Gained mutation: Your transparent skin significantly
                  | reduces your foes' accuracy. (Stealth+) [Jiyva's grace]
 83967 | Depths:2 | Gained mutation: You are agile. (Dex +4, Str/Int -1)
                  | [Jiyva's grace]
 84414 | Depths:3 | Got Kitimi's Codex of Earthen Relocation
 84419 | Depths:3 | Identified the +10 orcbow of Defiance {flame, rCorr Int+2}
 84534 | Depths:3 | Found Qashrosso's Book Shoppe.
 84574 | Depths:3 | Got the Handbook of Battle Magic and the Quarry
 84831 | Depths:3 | Identified the +6 orcbow "Xyttipt" {heavy, rPois rC+ rCorr}
 85127 | Depths:3 | Reached ****** piety under Jiyva
 85320 | Depths:4 | Entered Level 4 of the Depths
 86013 | Slime:5  | Identified the amulet of Wuskangi {Faith Harm Regen+ rCorr}
 86015 | Slime:5  | Got a slimy rune of Zot
 86029 | Slime:5  | Identified the amulet of Navif {Faith Fragile rF+ rC++
                  | Str+2}
 86062 | Slime:5  | Identified the +1 halberd of Qeotrorr {heavy, rElec rPois
                  | rF- Dex+2}
 86100 | Slime:5  | Identified the +2 ring mail "Neawodgh" {Dex+3}
 86516 | Depths:4 | Reached XP level 26. HP: 180/259 MP: 15/47
 86917 | Snake:2  | Bought 2 potions of curing for 78 gold pieces
 87053 | D:11     | You paid a toll of 16 potions of curing to enter a treasure
                  | trove
 87054 | Trove    | Entered a treasure trove
 87063 | Trove    | Identified the ring of Okyikobb {rC++ rN+ Dex+3}
 87067 | Trove    | Identified the ring "Maeq" {rElec rPois Will+ Int-3 Slay+4}
 87069 | Trove    | Identified the ring "Kocliazxiu" {rF- rC+ Dex+5}
 87070 | Trove    | Identified the ring "Lamiguda" {rPois rN+ Will+ Str+6
                  | Dex-4}
 87072 | Trove    | Identified the ring of Xeqede {rN+ SInv Stlth+}
 87075 | Trove    | Identified the ring "Aghevom" {rN+ Slay+2}
 87077 | Trove    | Identified the ring "Ygalat" {Will+ Dex+7 Slay+2}
 87078 | Trove    | Identified the ring of Recklessness {rC+ Str+3 Int+6}
 88006 | Depths:4 | Reached skill level 27 in Summonings
 88019 | Depths:4 | Found a gate to the Realm of Zot.
 88088 | Depths:4 | Lost mutation: You have a pair of horns on your head.
                  | [Jiyva's grace]
 88088 | Depths:4 | Gained mutation: You can exhale a cloud of poison. [Jiyva's
                  | grace]
 88088 | Depths:4 | Gained mutation: Your rubbery body absorbs attacks. (AC +1,
                  | EV +1) [Jiyva's grace]
 88088 | Depths:4 | Gained mutation: Your pliable body absorbs attacks. (AC +2,
                  | EV +2) [Jiyva's grace]
 88088 | Depths:4 | Gained mutation: Your gelatinous body deflects attacks. (AC
                  | +3, EV +3) [Jiyva's grace]
 88181 | Depths:4 | Found Nayfoug's Book Shop.
 88454 | Depths:3 | Identified the +6 quarterstaff of Gecko {flame, rElec rN+
                  | Str+3 Stlth-}
 88636 | Zot:1    | Entered Level 1 of the Realm of Zot
 89175 | Zot:1    | Got the Treatise on Turbulent Sciomancy
 89374 | Zot:1    | Learned a level 1 spell: Apportation
 89377 | Zot:1    | Learned a level 2 spell: Blink
 90234 | Zot:3    | Lost mutation: You have very sharp fingernails. [Jiyva's
                  | grace]
 90234 | Zot:3    | Lost mutation: You are agile. (Dex +4, Str/Int -1) [Jiyva's
                  | grace]
 90234 | Zot:3    | Lost mutation: Your transparent skin significantly reduces
                  | your foes' accuracy. (Stealth+) [Jiyva's grace]
 90234 | Zot:3    | Gained mutation: You are robust. (+10% HP) [Jiyva's grace]
 90234 | Zot:3    | Gained mutation: You are very robust. (+20% HP) [Jiyva's
                  | grace]
 90234 | Zot:3    | Gained mutation: You are extremely robust. (+30% HP)
                  | [Jiyva's grace]
 90234 | Zot:3    | Gained mutation: Your muscles are strong. (Str +4, Int/Dex
                  | -1) [Jiyva's grace]
 90311 | Zot:3    | Reached skill level 10 in Stealth
 90361 | Zot:3    | Reached XP level 27. HP: 351/351 MP: 46/47
 90390 | Zot:3    | Noticed an ancient lich
 90577 | Zot:3    | Noticed an ancient lich
 90585 | Zot:3    | Killed an ancient lich
 90591 | Zot:3    | Killed an ancient lich
 90696 | Zot:3    | You fall into a shaft and drop 1 floor!
 91789 | Zot:3    | Noticed a dread lich
 91808 | Zot:3    | Killed a dread lich
 91809 | Zot:3    | Reached skill level 15 in Stealth
 92011 | Zot:3    | Identified the +1 pair of gloves of Lifelessness {rC+}
 92620 | Zig:1    | Entered Level 1 of a ziggurat
 92907 | Zig:2    | Entered Level 2 of a ziggurat
 92917 | Zig:2    | Identified the +7 spear "Yrphururch" {freeze, rElec rC+
                  | Str-5}
 93070 | Zig:3    | Entered Level 3 of a ziggurat
 93334 | Zig:4    | Entered Level 4 of a ziggurat
 93336 | Zig:4    | Noticed a royal mummy
 93341 | Zig:4    | Killed a royal mummy
 93395 | Zig:5    | Entered Level 5 of a ziggurat
 93408 | Zig:5    | Found the +8 autumn katana {manifold assault}
 93471 | Zig:6    | Entered Level 6 of a ziggurat
 93650 | Zig:7    | Entered Level 7 of a ziggurat
 93671 | Zig:7    | Found the +5 glaive of the Guard {elec, spectral, AC+5}
 93917 | Zot:5    | Entered Level 5 of the Realm of Zot
 93959 | Zot:5    | Noticed a dread lich
 93970 | Zot:5    | Killed a dread lich
 94304 | Zot:5    | Lost mutation: You are extremely robust. (+30% HP) [Jiyva's
                  | grace]
 94304 | Zot:5    | Lost mutation: Your gelatinous body deflects attacks. (AC
                  | +3, EV +3) [Jiyva's grace]
 94304 | Zot:5    | Gained mutation: You are agile. (Dex +4, Str/Int -1)
                  | [Jiyva's grace]
 94304 | Zot:5    | Gained mutation: You are very agile. (Dex +8, Str/Int -2)
                  | [Jiyva's grace]
 94304 | Zot:5    | Gained mutation: You have a pair of horns on your head.
                  | [Jiyva's grace]
 94304 | Zot:5    | Gained mutation: You have a pair of large horns on your
                  | head. [Jiyva's grace]
 94525 | Zot:5    | Noticed an ancient lich
 94537 | Zot:5    | Killed an ancient lich
 94749 | Zot:5    | Noticed an orb of fire
 94756 | Zot:5    | Gained mutation: Your body sometimes deteriorates upon
                  | taking damage. [an orb of fire]
 94771 | Zot:5    | Killed an orb of fire
 94779 | Zot:5    | Noticed an orb of fire
 94788 | Zot:5    | Killed an orb of fire
 94875 | Zot:5    | Noticed an ancient lich
 94880 | Zot:5    | Killed an ancient lich
 94922 | Zot:5    | Noticed an orb of fire
 95673 | Zot:5    | Got the Orb of Zot
 95686 | Zot:5    | Noticed Bakhlerch the pandemonium lord
 95754 | Zot:3    | Noticed Qimocret the pandemonium lord
 96309 | D:$      | Escaped with the Orb!

Illustrated notes

Levels and vault maps discovered:
D:1:      dpeg_arrival_snail, layout_basic, ebering_ecumenical_altar_mist
D:2:      wad_lake_hut, layout_basic, basic_altar, uniq_natasha
D:3:      layout_loops_ring, nicolae_wu_jian_wuxing_cycle
D:4:      layout_rooms, mainiacjoe_overflow_alcove_1, serial_shops, shop,
          nicolae_wormholes, uniq_duvessa
D:5:      black_bear_nest_2, layout_basic, zin_academy
D:6:      layout_basic, okawaru_metal_pillars_1_2, temple_green,
          kennysheep_small_square, uniq_crazy_yiuf_cottage
D:7:      layout_rooms, nicolae_hepliaklqana_hazy_memory,
          minmay_misc_feat_more_columns, kennysheep_generic_room_9
D:8:      layout_rooms, nicolae_uskayaw_en_pointe, serial_undead,
          serial_undead_b, serial_undead_a, serial_undead_e, serial_undead_f,
          grunt_decor_clamped, uniq_maurice
D:9:      layout_loops_ring, kennysheep_little_box,
          nicolae_dithmenos_shadow_blocks, minmay_orc_entry_temple_large,
          uniq_prince_ribbit1
D:10:     layout_small_grid, mainiacjoe_overflow_concentric_impassable,
          minmay_variable_closet, serial_park_tiny_2, minmay_chambers_of_fives
D:11:     layout_basic, hellmonk_lair_entry_icy,
          nicolae_trove_entry_free_sample, serial_rivers,
          chequers_serial_rivers_small_b, chequers_serial_rivers_micro_d,
          chequers_serial_rivers_large_a, chequers_serial_rivers_small_b,
          chequers_serial_rivers_micro_e, chequers_serial_rivers_micro_e
D:12:     layout_rooms, solitary_fountain
D:13:     layout_loops_ring
D:14:     layout_irregular_city, hangedman_vaults_entry_quadrant_bands,
          hangedman_abyss_or_decor_lesser_grid
D:15:     hangedman_depths_entry_try_elsewhere_first, layout_cave_pods
Temple:   compressed_dpeg_triangle_lava_temple
Lair:1:   layout_gridlike
Lair:2:   layout_gridlike, minmay_snake_entry_guardpost_small,
          lemuel_fruit_tree, serial_bayou_shore_a, grunt_megastairs_1
Lair:3:   layout_regular_city, shoals_dummy_entry, gammafunk_ghost_icy,
          lemuel_fruit_fields
Lair:4:   layout_gridlike, gauntlet_entry_generic
Lair:5:   hangedman_lair_in_review, layout_cave_pods, minmay_slime_entry_eyes,
          infiniplex_staircase_pool_2
Shoals:1: nicolae_shoals_aurelia_aurita, layout_shoals, serial_shops,
          nicolae_shop_industrial_runoff
Shoals:2: layout_shoals, nicolae_alphabet_shops
Shoals:3: layout_shoals, uniq_louise, uniq_ilsuiw
Shoals:4: shoals_end_grunt_ice, layout_shoals, shoal_ilsuiw
Snake:1:  layout_misc_corridors, portal_ice_cave_entry_ugly_swarm,
          grunt_ministairs_13, drop_trap, nicolae_snake_gridmaze_swirls,
          grunt_megastairs_3
Snake:2:  cheibrodos_snake_ritualist_ritual, layout_cave_shapes,
          minmay_shop_star
Snake:3:  layout_rooms, serial_shops, nicolae_shop_advertising_works
          [nicolae_subvault_shop_adworks], special_room
Snake:4:  snake_pit_salamanders_mu, layout_cave_town, serial_shops, shop,
          nicolae_snake_gridmaze_zigzag, nicolae_snake_gridmaze_squiggle
Slime:1:  layout_caves
Slime:2:  layout_caves
Slime:3:  cheibrodos_slime_lost_civilization_8, layout_caves
Slime:4:  layout_caves
Slime:5:  slime_pit_nicolae_royal_road_to_ruin
Orc:1:    orc_temple, layout_caves, serial_shops, shop, uniq_sonja, uniq_urug
Orc:2:    st_orc_mages, layout_caves
Elf:1:    minmay_elf_arrival_circle, layout_gridlike, hangedman_corner_corridor
Elf:2:    elven_hall_of_blades_hangedman_original
          [nicolae_blade_entry_sentries_behind_glass], layout_loops_cross,
          serial_shops, bzr_entry_water, st_stairs_9
Elf:3:    grunt_elf_hall_branching, layout_geoelf_octagon
Vaults:1: nicolae_vaults_hexular_roomagon, v_pattern_5, grunt_vaults_trifunnel,
          nicolae_vaults_turnstiles, nicolae_vaults_windows_and_doors_thing,
          nicolae_vaults_six-pack, nicolae_vaults_tetromino_T_1,
          vaults_room_boxed, nicolae_vaults_tetromino_L_2,
          hangedman_vaults_impose, layout_vaults_maze_snakey, uniq_saint_roka
Vaults:2: nicolae_vaults_closet_pinwheel_2, grunt_vaults_diagonal, v_pattern_4,
          nicolae_vaults_network_star, nicolae_vaults_rhombus_6,
          vaults_standard_mumra_enter_the_diamond, nicolae_vaults_murder_corner,
          nicolae_vaults_double_plus_3, nicolae_vaults_hallways_thing, v_misc_8,
          nicolae_vaults_trapezoid_2, nicolae_vaults_three_branches,
          layout_vaults_omnicross
Vaults:3: nicolae_vaults_triangles, hangedman_vaults_capsules,
          nicolae_vaults_tetromino_L_2, nicolae_vaults_apartment_1,
          hangedman_vaults_nails, nicolae_vaults_little_squares_3,
          layout_vaults_omnigrid, dummy_crypt_entry, uniq_boris
Vaults:4: v_misc_27, nicolae_vaults_closet_pinwheel_6, vaults_dpeg_hooks,
          nicolae_vaults_little_guard_posts, ontoclasm_vaults_ring_large,
          nicolae_vaults_gold_heap, v_misc_2, nicolae_vaults_puzzle_piece,
          nicolae_vaults_border_crossing, v_alt_pattern_6,
          ontoclasm_vaults_tryst, layout_vaults_omnibox, uniq_jory
Crypt:1:  gammafunk_crypt_yreds_forest, layout_regular_city, minivault_19,
          minivault_27
Crypt:2:  layout_catacombs
Crypt:3:  lightli_unholy_cathedral, layout_chaotic_city,
          tomb_entry_sphere_bobbens
Tomb:1
Depths:1: layout_long_grid, grunt_pan_entry_in_and_out, nicolae_lava_and_water,
          hangedman_tar_grid_catacomb, serial_shops, shop, abyss_entry,
          serial_sigils_hangedman_snap, chequers_serial_rivers_small_3,
          minmay_guarded_unrand_mage
Depths:2: minmay_polygon_palace, layout_cave_pools, enter_ziggurat_d,
          grunt_hell_entry_dis_grunt, grunt_pan_entry_sceptre
Depths:3: evilmike_hourglass, layout_gridville, hangedman_coc_ice_floe,
          rand_demon_pan_entry_3, nicolae_abyss_entry_one_way_or_another,
          serial_shops, nicolae_shop_getting_attention,
          minmay_hollow_rounded_squares, firewood_loft,
          infiniplex_staircase_spiral
Depths:4: grunt_zot_entry_bicorn, layout_gridville, hangedman_decor_slide_cut,
          pan_entry, hellmouth_3, serial_shops, nicolae_book_shop_shelving
Zot:1:    layout_misc_corridors
Zot:2:    layout_gridlike
Zot:3:    hangedman_zot_vaults_quadrants, layout_onion_interference,
          st_stairs_14
Zot:4:    layout_twisted_circle, lemuel_elevator
Zot:5:    layout_cellular_growth, guppyfry_library_mini

Skill      XL: |  1  2  3  4  5  6  7  8  9 10 11 12 13 14 15 16 17 18 19 20 21 22 23 24 25 26 27 |
---------------+----------------------------------------------------------------------------------+-----
Spellcasting   | 3 4 5 7 8 10 11 13 14 15 16 17 18 19 20 22 | 22.1
Summonings     | 5 6 7 8 10 12 13 14 15 17 20 22 24 25 26 27 | 27.0
Hexes          | 1 2 |  2.0
Air Magic      | 1 2 |  2.0
Fighting       | 3 6 9 10 12 14 15 16 17 18 19 20 22 | 22.1
Dodging        | 3 5 8 9 12 14 15 16 17 18 20 | 20.2
Shields        | 4 9 11 13 14 16 18 19 20 | 20.7
Stealth        | 5 10 20 | 20.9

Action                     |  1- 3 |  4- 6 |  7- 9 | 10-12 | 13-15 | 16-18 | 19-21 | 22-24 | 25-27 || total
---------------------------+-------+-------+-------+-------+-------+-------+-------+-------+-------++-------
  Melee: Unarmed           |    19 |    36 |    14 |    15 |    28 |    17 |    23 |       |       ||   152
         Punch             |     1 |     2 |       |       |       |       |       |       |       ||     3
         Constrict         |       |       |       |       |     6 |     3 |     7 |     5 |     6 ||    27
         Broad axe         |       |       |       |       |       |       |       |     1 |       ||     1
         Headbutt          |       |       |       |       |       |       |       |     5 |     6 ||    11
         Flail             |       |       |       |       |       |       |       |     1 |       ||     1
         Bo                |       |       |       |       |       |       |       |     7 |    23 ||    30
   Cast: Summon Small Mamm |    27 |    30 |    31 |    17 |     2 |     2 |       |       |       ||   109
         Call Imp          |     8 |    18 |    24 |    29 |     8 |       |       |       |       ||    87
         Call Canine Famil |       |    21 |    30 |    49 |    34 |     8 |       |       |       ||   142
         Summon Guardian G |       |     1 |    18 |    52 |    35 |     1 |       |       |       ||   107
         Summon Lightning  |       |       |     8 |    35 |    34 |       |       |       |       ||    77
         Summon Hydra      |       |       |       |    10 |    69 |    26 |     6 |    24 |    43 ||   178
         Summon Cactus Gia |       |       |       |       |    93 |    43 |    12 |    19 |    15 ||   182
         Summon Forest     |       |       |       |       |    66 |     5 |     1 |     8 |     8 ||    88
         Dragon's Call     |       |       |       |       |     1 |    47 |    94 |    81 |    80 ||   303
         Summon Horrible T |       |       |       |       |       |       |       |     4 |    25 ||    29
 Invoke: Call Merchant     |       |       |       |     2 |     3 |       |       |     3 |       ||     8
Ability: Spit Poison       |    13 |    11 |     4 |     3 |     4 |     1 |       |       |       ||    36
  Evoke: Wand              |       |       |       |       |     5 |     5 |       |     1 |     3 ||    14
    Use: Scroll            |       |       |       |    23 |    13 |     4 |     6 |     5 |     5 ||    56
         Potion            |       |       |       |       |     3 |     1 |     2 |       |     3 ||     9
   Stab: Distracted        |       |       |       |       |       |       |       |       |     4 ||     4
 Armour: Robe              |     4 |    13 |    21 |    37 |   132 |    73 |   100 |   119 |   118 ||   617
         Skin              |     4 |     1 |       |       |       |       |       |       |       ||     5
  Dodge: Dodged            |    14 |    38 |    34 |    71 |   202 |   178 |   267 |   269 |   368 ||  1441
  Block: Orb               |       |       |       |    42 |    53 |       |       |       |       ||    95
         Reflection        |       |       |       |     3 |     2 |    13 |    10 |     1 |       ||    29
         Other             |       |       |       |       |     8 |    60 |    81 |     4 |       ||   153
         Kite shield       |       |       |       |       |       |       |       |       |   228 ||   228

Table legend: (Time is in decaauts)
 A = Elapsed time spent in this place.
 B = Non-inter-level travel time spent in this place.
 C = Inter-level travel time spent in this place.
 D = Time resting spent in this place.
 E = Time spent auto-exploring this place.
 F = Levels seen in this place.
 G = Mean time per level.
                   A        B        C        D        E       F      G
               +--------+--------+--------+--------+--------+-----+--------+
         Total | 114781 | 105008 |   9773 |  18982 |  65740 |  67 | 1713.1 |
       Dungeon |  27240 |  23765 |   3475 |   3833 |  16129 |  15 | 1816.0 |
        Temple |     36 |     19 |     17 |      0 |      0 |   1 |   36.0 |
          Lair |  13466 |  11432 |   2034 |   2044 |   7644 |   5 | 2693.2 |
        Shoals |   9567 |   9275 |    292 |   3122 |   4844 |   4 | 2391.8 |
     Snake Pit |   8394 |   7979 |    415 |   1263 |   5260 |   4 | 2098.5 |
    Slime Pits |   6163 |   5676 |    487 |   1166 |   2678 |   5 | 1232.6 |
  Orcish Mines |   5113 |   4970 |    143 |   1584 |   2341 |   2 | 2556.5 |
   Elven Halls |   6462 |   6308 |    154 |   1005 |   4230 |   3 | 2154.0 |
        Vaults |  11418 |  10679 |    739 |   1111 |   8210 |   4 | 2854.5 |
         Crypt |   5267 |   4923 |    344 |    274 |   3633 |   3 | 1755.7 |
          Tomb |   1641 |   1554 |     87 |    138 |    942 |   1 | 1641.0 |
        Depths |   7149 |   6017 |   1132 |    423 |   3812 |   4 | 1787.2 |
           Zot |   6956 |   6507 |    449 |   1009 |   3779 |   5 | 1391.2 |
      Ziggurat |   1110 |   1110 |      0 |    885 |      0 |   7 |  158.6 |
        Bazaar |    186 |    186 |      0 |      0 |    149 |   1 |  186.0 |
         Trove |     43 |     43 |      0 |      0 |      0 |   1 |   43.0 |
      Ice Cave |   3000 |   3000 |      0 |    832 |   1547 |   1 | 3000.0 |
      Gauntlet |   1564 |   1564 |      0 |    288 |    538 |   1 | 1564.0 |
               +--------+--------+--------+--------+--------+-----+--------+

Top non-repeatable levels by time:
  Lair:5: 3665 daAuts
   Orc:1: 3531 daAuts
Vaults:3: 3516 daAuts
Shoals:3: 3199 daAuts
 Snake:4: 3194 daAuts
Shoals:2: 3086 daAuts
Vaults:1: 3063 daAuts
   IceCv: 3000 daAuts
    D:15: 2982 daAuts
  Lair:2: 2941 daAuts
    D:11: 2748 daAuts
Vaults:2: 2726 daAuts
  Lair:3: 2610 daAuts
   Elf:2: 2524 daAuts
 Snake:1: 2508 daAuts
